SA
WALLA WALLA WALLEYE @ PHOENIX HOTSPUR U-21
08/22/2020
 
TOP OF THE 1ST
Walla Walla Walleye batting - Pitching for Phoenix Hotspur U-21 : RHP Jim Unknown
Pitching: RHP Jim Unknown
Batting: LHB César Muńóz 0-0: Ground out 6-3 (Groundball, 6M)
Batting: LHB José Ríos 0-0: Called Strike
0-1: Foul Ball, location: 2F
0-2: Ball
1-2: Strikes out looking
Batting: RHB Sake van Arem 0-0: Called Strike
0-1: Called Strike
0-2: Ball
1-2: Strikes out swinging
Top of the 1st over - 0 run(s), 0 hit(s), 0 error(s), 0 left on base; Walla Walla 0 - Phoenix 0
BOTTOM OF THE 1ST
Phoenix Hotspur U-21 batting - Pitching for Walla Walla Walleye : LHP Jesús Tejeda
Pitching: LHP Jesús Tejeda
Batting: RHB David Rivas 0-0: Ball
1-0: Foul Ball, location: 2F
1-1: Foul Ball, location: 2F
1-2: Hit by Pitch
Batting: RHB Javier González 0-0: Ball
1-0: Called Strike
1-1: Fly out, F7 (Flyball, 78M)
Batting: RHB Juan Aguirre 0-0: Ball
1-0: Fly out, F8 (Flyball, 8LM)
Batting: RHB Pedro Torrez 0-0: Ball
1-0: Called Strike
1-1: Ball
2-1: Foul Ball, location: 2F
2-2: Ball
3-2: Base on Balls
David Rivas to second
Batting: RHB Larry Bryant 0-0: Foul Ball, location: 2F
0-1: Ball
1-1: Swinging Strike
1-2: Strikes out swinging
Bottom of the 1st over - 0 run(s), 0 hit(s), 0 error(s), 2 left on base; Walla Walla 0 - Phoenix 0
TOP OF THE 2ND
Walla Walla Walleye batting - Pitching for Phoenix Hotspur U-21 : RHP Jim Unknown
Batting: RHB Tony Farquharson 0-0: Ball
1-0: Ball
2-0: Fly out, F5 (Popup, 5F)
Batting: LHB Wilson Horton 0-0: Swinging Strike
0-1: Ball
1-1: Ball
2-1: Ball
3-1: Foul Ball, location: 2F
3-2: Strikes out swinging
Batting: RHB Emílio Ortíz 0-0: Swinging Strike
0-1: SINGLE (Line Drive, 6D)
Batting: RHB Hieu De 0-0: Foul Ball, location: 2F
0-1: Ball
1-1: Ball
2-1: Ball
3-1: Foul Ball, location: 2F
3-2: Foul Ball, location: 2F
3-2: Foul Ball, location: 2F
3-2: Fly out, F4 (Line Drive, 4S)
Top of the 2nd over - 0 run(s), 1 hit(s), 0 error(s), 1 left on base; Walla Walla 0 - Phoenix 0
BOTTOM OF THE 2ND
Phoenix Hotspur U-21 batting - Pitching for Walla Walla Walleye : LHP Jesús Tejeda
Batting: RHB Jesús Mejía 0-0: Called Strike
0-1: Ball
1-1: Ball
2-1: Ball
3-1: Base on Balls
Batting: RHB Pedro Martínez 0-0: Ball
1-0: DOUBLE (Flyball, 7LS)
Jesús Mejía to third
Batting: RHB Francis Kelly 0-0: Called Strike
0-1: Foul Ball, location: 2F
0-2: Ball
1-2: Ball
2-2: Strikes out swinging
Batting: RHB Marc Meertens 0-0: Foul Ball, location: 2F
0-1: Fly out, F9 (Flyball, 9M)
Runner from 3rd tags up, SCORES, throw made
Batting: RHB David Rivas 0-0: Called Strike
0-1: Foul Ball, location: 2F
0-2: SINGLE (Line Drive, 34D)
Pedro Martínez to third
Batting: RHB Javier González 0-0: Ball
1-0: Ball
2-0: Fly out, F9 (Flyball, 9S)
Bottom of the 2nd over - 1 run(s), 2 hit(s), 0 error(s), 2 left on base; Walla Walla 0 - Phoenix 1
TOP OF THE 3RD
Walla Walla Walleye batting - Pitching for Phoenix Hotspur U-21 : RHP Jim Unknown
Batting: SHB Francisco Reyes 0-0: Bunted foul
0-1: Foul Ball, location: 2F
0-2: Ball
1-2: Fly out, F7 (Flyball, 7S)
Batting: RHB Luis Campos 0-0: Called Strike
0-1: Foul Ball, location: 2F
0-2: Strikes out swinging
Batting: LHB César Muńóz 0-0: Ground out 4-3 (Groundball, 4)
Top of the 3rd over - 0 run(s), 0 hit(s), 0 error(s), 0 left on base; Walla Walla 0 - Phoenix 1
BOTTOM OF THE 3RD
Phoenix Hotspur U-21 batting - Pitching for Walla Walla Walleye : LHP Jesús Tejeda
Batting: RHB Juan Aguirre 0-0: Ball
1-0: Called Strike
1-1: Fly out, F8 (Flyball, 8RM)
Batting: RHB Pedro Torrez 0-0: Ball
1-0: Ball
2-0: Fly out, F7 (Flyball, 7LD)
Batting: RHB Larry Bryant 0-0: Ball
1-0: Foul Ball, location: 2F
1-1: TRIPLE (Line Drive, 9LM)
Batting: RHB Jesús Mejía 0-0: Ball
1-0: Foul Ball, location: 2F
1-1: Ball
2-1: Foul Ball, location: 2F
2-2: DOUBLE (Line Drive, 7LM)
Larry Bryant scores
Batting: RHB Pedro Martínez 0-0: Ground out 1-3 (Groundball, 25)
Bottom of the 3rd over - 1 run(s), 2 hit(s), 0 error(s), 1 left on base; Walla Walla 0 - Phoenix 2
TOP OF THE 4TH
Walla Walla Walleye batting - Pitching for Phoenix Hotspur U-21 : RHP Jim Unknown
Batting: LHB José Ríos 0-0: Called Strike
0-1: Ground out 4-3 (Groundball, 4)
Batting: RHB Sake van Arem 0-0: Fly out, F9 (Flyball, 89M)
Batting: RHB Tony Farquharson 0-0: Ball
1-0: DOUBLE (Groundball, 5L)
Batting: LHB Wilson Horton 0-0: Ground out 3-1 (Groundball, 34)
Top of the 4th over - 0 run(s), 1 hit(s), 0 error(s), 1 left on base; Walla Walla 0 - Phoenix 2
BOTTOM OF THE 4TH
Phoenix Hotspur U-21 batting - Pitching for Walla Walla Walleye : LHP Jesús Tejeda
Batting: RHB Francis Kelly 0-0: Foul Ball, location: 2F
0-1: Ball
1-1: Ball
2-1: Ground out 5-3 (Groundball, 5S)
Batting: RHB Marc Meertens 0-0: Called Strike
0-1: Ball
1-1: Ball
2-1: Ground out U3 (Groundball, 3)
Batting: RHB David Rivas 0-0: SINGLE (Groundball, 15) (infield hit)
Batting: RHB Javier González 0-0: Ball
David Rivas is caught stealing 2nd base
Bottom of the 4th over - 0 run(s), 1 hit(s), 0 error(s), 0 left on base; Walla Walla 0 - Phoenix 2
TOP OF THE 5TH
Walla Walla Walleye batting - Pitching for Phoenix Hotspur U-21 : RHP Jim Unknown
Batting: RHB Emílio Ortíz 0-0: Ball
1-0: Swinging Strike
1-1: Foul Ball, location: 2F
1-2: Ball
2-2: Ball
3-2: Strikes out looking
Batting: RHB Hieu De 0-0: Ball
1-0: Called Strike
1-1: Ball
2-1: Swinging Strike
2-2: Strikes out swinging
Batting: SHB Francisco Reyes 0-0: Called Strike
0-1: Ball
1-1: Ground out 1-3 (Groundball, 15S)
Top of the 5th over - 0 run(s), 0 hit(s), 0 error(s), 0 left on base; Walla Walla 0 - Phoenix 2
BOTTOM OF THE 5TH
Phoenix Hotspur U-21 batting - Pitching for Walla Walla Walleye : LHP Jesús Tejeda
Batting: RHB Javier González 0-0: Ball
1-0: Foul Ball, location: 2F
1-1: Fly out, F8 (Flyball, 8RD)
Batting: RHB Juan Aguirre 0-0: Called Strike
0-1: Ball
1-1: Ball
2-1: Foul Ball, location: 2F
2-2: Foul Ball, location: 2F
2-2: Ball
3-2: Base on Balls
Batting: RHB Pedro Torrez 0-0: Ball
1-0: Called Strike
1-1: 2-RUN HOME RUN (Flyball, 8LXD), Distance : 454 ft
Batting: RHB Larry Bryant 0-0: Ball
1-0: Called Strike
1-1: Foul Ball, location: 2F
1-2: Ball
2-2: Ball
3-2: Strikes out swinging
Batting: RHB Jesús Mejía 0-0: Ball
1-0: Foul Ball, location: 2F
1-1: Ball
2-1: Swinging Strike
2-2: Foul Ball, location: 2F
2-2: Fly out, F3 (Popup, 23F)
Bottom of the 5th over - 2 run(s), 1 hit(s), 0 error(s), 0 left on base; Walla Walla 0 - Phoenix 4
TOP OF THE 6TH
Walla Walla Walleye batting - Pitching for Phoenix Hotspur U-21 : RHP Jim Unknown
Batting: RHB Luis Campos 0-0: Called Strike
0-1: DOUBLE (Line Drive, 5)
Batting: LHB César Muńóz 0-0: Ball
1-0: Ground out 4-3 (Groundball, 4)
Luis Campos to third
Batting: LHB José Ríos 0-0: Called Strike
0-1: Ball
1-1: Ball
2-1: Swinging Strike
2-2: Strikes out swinging
Batting: RHB Sake van Arem 0-0: Ball
1-0: Foul Ball, location: 2F
1-1: Fly out, F7 (Flyball, 7M)
Top of the 6th over - 0 run(s), 1 hit(s), 0 error(s), 1 left on base; Walla Walla 0 - Phoenix 4
BOTTOM OF THE 6TH
Phoenix Hotspur U-21 batting - Pitching for Walla Walla Walleye : LHP Jesús Tejeda
Batting: RHB Pedro Martínez 0-0: Called Strike
0-1: Ball
1-1: Ball
2-1: Swinging Strike
2-2: Fly out, F9 (Flyball, 89M)
Batting: RHB Francis Kelly 0-0: Ground out 5-3 (Groundball, 56S)
Batting: RHB Marc Meertens 0-0: Ball
1-0: Called Strike
1-1: Ball
2-1: Called Strike
2-2: Foul Ball, location: 2F
2-2: Strikes out swinging
Bottom of the 6th over - 0 run(s), 0 hit(s), 0 error(s), 0 left on base; Walla Walla 0 - Phoenix 4
TOP OF THE 7TH
Walla Walla Walleye batting - Pitching for Phoenix Hotspur U-21 : RHP Jim Unknown
Batting: RHB Tony Farquharson 0-0: Swinging Strike
0-1: Ball
1-1: Ball
2-1: Ball
3-1: Base on Balls
Batting: LHB Wilson Horton 0-0: Ball
1-0: Foul Ball, location: 2F
1-1: Foul Ball, location: 2F
1-2: Grounds into double play, 6-4-3 (Groundball, 6)
Batting: RHB Emílio Ortíz 0-0: Foul Ball, location: 2F
0-1: Fly out, F8 (Flyball, 8LM)
Top of the 7th over - 0 run(s), 0 hit(s), 0 error(s), 0 left on base; Walla Walla 0 - Phoenix 4
BOTTOM OF THE 7TH
Phoenix Hotspur U-21 batting - Pitching for Walla Walla Walleye : LHP Jesús Tejeda
Pitching: LHP Jesús Rosales
Batting: RHB David Rivas 0-0: Fly out, F8 (Popup, 4D)
Batting: RHB Javier González 0-0: Ball
1-0: Ground out 6-3 (Groundball, 6M)
Batting: RHB Juan Aguirre 0-0: Called Strike
0-1: Ball
1-1: Fly out, F8 (Flyball, 8LM)
Bottom of the 7th over - 0 run(s), 0 hit(s), 0 error(s), 0 left on base; Walla Walla 0 - Phoenix 4
TOP OF THE 8TH
Walla Walla Walleye batting - Pitching for Phoenix Hotspur U-21 : RHP Jim Unknown
Batting: RHB Hieu De 0-0: Ball
1-0: Ball
2-0: Called Strike
2-1: Foul Ball, location: 2F
2-2: Strikes out swinging
Batting: SHB Francisco Reyes 0-0: Ball
1-0: Called Strike
1-1: Fly out, F7 (Line Drive, 78M)
Batting: RHB Luis Campos 0-0: Ball
1-0: Ball
2-0: Ball
3-0: Called Strike
3-1: Fly out, F8 (Flyball, 8LM)
Top of the 8th over - 0 run(s), 0 hit(s), 0 error(s), 0 left on base; Walla Walla 0 - Phoenix 4
BOTTOM OF THE 8TH
Phoenix Hotspur U-21 batting - Pitching for Walla Walla Walleye : LHP Jesús Rosales
Batting: RHB Pedro Torrez 0-0: Called Strike
0-1: Foul Ball, location: 2F
0-2: Ball
1-2: Strikes out swinging
Batting: RHB Larry Bryant 0-0: Swinging Strike
0-1: Ball
1-1: Ball
2-1: Ground out 6-3 (Groundball, 6M)
Batting: RHB Jesús Mejía 0-0: SINGLE (Groundball, 6M)
Batting: RHB Pedro Martínez 0-0: Swinging Strike
0-1: Ball
1-1: Ball
2-1: SINGLE (Groundball, 6M)
Jesús Mejía to second
Batting: RHB Francis Kelly 0-0: Called Strike
0-1: Ground out 6-3 (Groundball, 6)
Bottom of the 8th over - 0 run(s), 2 hit(s), 0 error(s), 2 left on base; Walla Walla 0 - Phoenix 4
TOP OF THE 9TH
Walla Walla Walleye batting - Pitching for Phoenix Hotspur U-21 : RHP Jim Unknown
Batting: LHB César Muńóz 0-0: Foul Ball, location: 2F
0-1: Foul Ball, location: 2F
0-2: Foul Ball, location: 2F
0-2: Ball
1-2: Ground out U3 (Groundball, 3S)
Batting: LHB José Ríos 0-0: Ball
1-0: Foul Ball, location: 2F
1-1: Ball
2-1: SINGLE (Groundball, 4MD)
Batting: RHB Sake van Arem 0-0: Fielders Choice at 2nd, 1-6 (Groundball, 23)
Batting: RHB Tony Farquharson 0-0: Foul Ball, location: 2F
0-1: Foul Ball, location: 2F
0-2: Foul Ball, location: 2F
0-2: SINGLE (Groundball, 56D)
Sake van Arem to second
Runner from 2nd tries for 3rd, SAFE, no throw or cutoff
Pitching: RHP Leonardo Salas
Batting: LHB Wilson Horton 0-0: Foul Ball, location: 2F
0-1: Ball
1-1: Ball
2-1: Ball
3-1: Base on Balls
Tony Farquharson to second
Pinch Hitting: LHB Jim Unknown 0-0: Ball
1-0: Foul Ball, location: 2F
1-1: Called Strike
1-2: Strikes out swinging
Top of the 9th over - 0 run(s), 2 hit(s), 0 error(s), 3 left on base; Walla Walla 0 - Phoenix 4
This league is powered by Out of the Park Baseball, the baseball management simulation game for PC, Mac and Linux
Friday, October 23rd, 2015 - OOTP Baseball 16.9 Build 39